AoeStats
← Pielover757

Nomad

510057441Analyzed
4v4 RM · 4d ago on Sep 29, 2026· 37m 48s· 8 players
Game mode
Random Map
Map size
231×231
Population
200
Speed
Normal
Resources
Standard
Victory
Conquest
Starting age
Dark Age
Ending age
Imperial Age
RankedLock teamsTeams togetherTeam positionsShared explorationLock speedFull tech treeHidden civsTurbo modeCheats
Victory
Defeat
🇵🇹 Mongols · Portugal
1596
+14
🇲🇽 Malians · Mexico
1546
+16
🇳🇿 Italians · New Zealand
1531
+17
🇦🇺 Varangians · Australia
1527
+17
🇿🇦 Spanish · South Africa
1607
-18
🇨🇳 Khmer · China
1572
-17
🇨🇳 Vietnamese · China
1529
-15
🇧🇷 Italians · Brazil
1513
-14
[DH]Misratronic
5:46 Loom
13:48 Feudal Age
17:49 Castle Age
15:47 Fletching
17:21 Gold Mining
18:05 Crossbowman
19:05 Bodkin Arrow
20:23 Town Watch
21:21 Ballistics
21:35 Padded Archer Armor
23:28 Wheelbarrow
23:23 Double-Bit Axe
25:36 Hand Cart
32:09 Bow Saw
36:36 Imperial Age
34:24 Stone Mining
38:16 Imperial Age
36:52 Horse Collar
36:38 Light Cavalry
ImprovingYeti
5:31 Loom
14:41 Feudal Age
18:09 Castle Age
16:25 Fletching
16:49 Forging
19:28 Medium Warships
19:27 Fishing Lines
22:17 Wheelbarrow
22:35 Gillnets
22:37 Double-Bit Axe
26:08 Fletching
29:32 Imperial Age
28:01 Bodkin Arrow
28:07 Padded Archer Armor
28:11 Horse Collar
31:51 Chemistry
34:49 Bracer
35:19 Ballistics
37:24 Leather Archer Armor
Sp Bro
4:13 Loom
13:24 Feudal Age
17:18 Castle Age
16:17 Double-Bit Axe
17:59 Forging
17:38 Fishing Lines
19:44 Iron Casting
19:11 Fletching
19:49 Bow Saw
26:50 Gillnets
28:38 Wheelbarrow
30:31 Scale Barding Armor
31:38 Chain Barding Armor
35:15 Imperial Age
34:54 Medium Warships
36:05 Capped Ram
38:12 Plate Barding Armor
冰人
4:38 Loom
13:26 Feudal Age
17:05 Castle Age
15:06 Stone Mining
17:00 Double-Bit Axe
17:44 Town Watch
19:22 Bow Saw
20:00 Fletching
21:54 Bodkin Arrow
33:00 Wheelbarrow
32:44 Horse Collar
37:07 Imperial Age
35:15 Gold Mining
38:02 Bracer
aaa
4:21 Loom
14:35 Feudal Age
18:40 Castle Age
16:57 Double-Bit Axe
18:08 Bloodlines
Element-Dy
5:28 Loom
15:02 Feudal Age
18:55 Castle Age
16:45 Double-Bit Axe
17:50 Fletching
19:36 Bodkin Arrow
20:23 Medium Warships
20:55 Wheelbarrow
20:02 Fishing Lines
24:06 Hand Cart
23:44 Gillnets
33:23 Gold Mining
33:28 Stone Mining
34:00 Bow Saw
33:38 Horse Collar
36:49 Imperial Age
35:06 Padded Archer Armor
Pielover757
5:05 Loom
13:07 Feudal Age
16:36 Castle Age
18:23 Town Watch
23:40 Horse Collar
24:33 Double-Bit Axe
26:20 Fletching
27:58 Wheelbarrow
31:09 Bodkin Arrow
31:36 Bow Saw
36:23 Imperial Age
34:22 Padded Archer Armor
33:43 Elite Skirmisher
35:46 Leather Archer Armor
37:21 Ballistics
37:41 Ring Archer Armor
逆·风
5:06 Loom
14:29 Feudal Age
15:20 Double-Bit Axe
15:16 Fishing Lines
15:24 Town Watch
18:42 Castle Age
17:11 Stone Mining
17:13 Fletching
17:23 Padded Archer Armor
17:56 Gold Mining
21:06 Gillnets
22:39 Wheelbarrow
22:50 Bodkin Arrow
31:29 Leather Archer Armor
Connection lost

Rejoining the realm…

Still unreachable

The connection could not be restored.

Session expired

The server has moved on; the page needs a fresh start.